[Event "*** Titled Tuesday Blitz"]
[Site "Chess.com"]
[Date "2021.02.02"]
[Round "8"]
[White "J36225"]
[Black "Grandmaster2B"]
[Result "1-0"]
[WhiteElo "2459"]
[BlackElo "2575"]
[TimeControl "180+1"]
[EndTime "11:29:55 PST"]
[Termination "J36225 won on time"]

1. e4 c5 2. Nf3 d6 3. Bb5+ Nd7 4. O-O Nf6 5. Re1 a6 6. Bf1 e5 7. c3 Be7 8. d4 O-O 9. d5 Ne8 10. Nbd2 g6 11. a4 Ng7 12. Nc4 Rb8 13. Bh6 f5 14. exf5 Rxf5 15. Ne3 Rh5 16. Bxg7 Kxg7 17. Be2 Nf6 18.
h3 Bd7 19. Nh2 Rh6 20. Nhg4 Nxg4 21. Bxg4 Rh4 22. g3 Rh6 23. Kg2 Bxg4 24. Nxg4 Rh5 25. Ne3 Qd7 26. Qg4 Rd8 27. Qxd7 Rxd7 28. g4 Rh4 29. f3 Bg5 30. Nf1 Bf4 31. Ng3 Bxg3 32. Kxg3 g5 33. a5 Rh6 34. Re4 Rf6 35. Ra3 Rdf7 36. c4 Kg6 37. Rb3 h5 38. Ree3 Rf4 39. Rb6 Rd7 40. Rxe5 Rxc4 41. Re6+ Kg7 42. Rexd6 Rxd6 43. Rxd6 h4+ 44. Kf2 Rc2+ 45. Ke3 Rxb2 46. Ke4 1-0

[Event "*** Titled Tuesday Blitz"]
[Site "Chess.com"]
[Date "2021.02.02"]
[Round "8"]
[White "onnoelgersma"]
[Black "gumimis"]
[Result "1-0"]
[WhiteElo "2469"]
[BlackElo "2320"]
[TimeControl "180+1"]
[EndTime "11:29:55 PST"]
[Termination "onnoelgersma won on time"]

1. Nf3 Nf6 2. e3 g6 3. b3 Bg7 4. Bb2 O-O 5. Be2 b6 6. d4 Bb7 7.
O-O d6 8. c4 c5 9. Nbd2 Nbd7 10. Qc2 Qc7 11. a3 e5 12. d5 Ne8 13. b4 f5 14. Ng5 Qc8 15. Ne6 Rf7 16. e4 Bh8 17. exf5 gxf5 18. f4 Nc7 19. Bh5 Rf6 20. Nxc7 Qxc7 21. fxe5 Nxe5 22. Rxf5 Raf8 23. Raf1 Bc8 24.
Rg5+ Bg7 25. Rxf6 Rxf6 26. Ne4 Rf8 27. Nxd6 Qxd6 28. Bxe5 Qxe5 29. Rxe5 Bxe5 30. g3 Bh3 31. Be2 Bd4+ 32. Kh1 Bf5 33. Bd3 Bh3 34. Qe2 1-0

[Event "*** Titled Tuesday Blitz"]
[Site "Chess.com"]
[Date "2021.02.02"]
[Round "8"]
[White "Milchone1"]
[Black "Forantes"]
[Result "1-0"]
[WhiteElo "2523"]
[BlackElo "2299"]
[TimeControl "180+1"]
[EndTime "11:29:56 PST"]
[Termination "Milchone1 won by resignation"]

1. Nf3 Nf6 2. c4 g6 3. Nc3 d5 4. Qa4+ Nc6 5. Ne5 Qd6 6. Nxc6 Qxc6 7. Qxc6+ bxc6 8. d4 Bg7 9. Bf4 Kd7 10. e3 a5 11.
Rc1 Ba6 12. cxd5 cxd5 13. Na4 Bxf1 14. Rxf1 Rhc8 15. Nc5+ Ke8 16. Ke2 Nd7 17. Nxd7 Kxd7 18. Rc5 e6 19. Rfc1 c6 20. R5c3 Bf8 21. Rb3 Ra7 22. Rc2 c5 23. dxc5 Rxc5 24. Rxc5 Bxc5 25. Kd3 f6 26. Bb8 Ra8 27. Bg3 Ra7 28. Bb8 Ra8 29. Rb7+ Kc6 30. Rc7+ Kb6 31. Rc8 Kb7 32. Rxc5 Kxb8 33.
Rc6 Kb7 34. Rxe6 f5 35. Rd6 Kc7 36. Rxd5 Rb8 37. Kc2 a4 38. Rd4 a3 39. b4 Kc6 40.
Kb3 Kb5 41. Kxa3 Rc8 42. Kb3 Rc1 43. a4+ Kc6 44. Rd2 Rh1 45. h3 Rg1 46. g3 g5 47.
Rc2+ Kb6 48. a5+ Kb5 49. Rc5+ Ka6 50. Rxf5 Rf1 51. Kc4 h5 52. Rxg5 Rxf2 53. Rxh5 Rf6 54.
g4 Re6 1-0

[Event "*** Titled Tuesday Blitz"]
[Site "Chess.com"]
[Date "2021.02.02"]
[Round "8"]
[White "Camels1981"]
[Black "FMOlexandrProhorov"]
[Result "1-0"]
[WhiteElo "2298"]
[BlackElo "2149"]
[TimeControl "180+1"]
[EndTime "11:29:56 PST"]
[Termination "Camels1981 won on time"]

1. e4 e5 2. Nc3 Nf6 3. g3 Nc6 4. Bg2 Bc5 5. Nge2 d6 6. O-O a6 7. Nd5 O-O 8. c3 Ba7 9. d4 Re8 10. Bg5 exd4 11. Nxd4 Be6 12. Nxf6+ gxf6 13. Bh6 Kh8 14. Re1 Rg8 15. Nxe6 fxe6 16. Qb3 Qd7 17. Rad1 Rab8 18. Bh3 Nd8 19. e5 fxe5 20. Rxe5 Qf7 21. Re2 Rg6 22. Be3 Bxe3 23. Rxe3 e5 24. Qxf7 Nxf7 25. Bg2 Ng5 26. h4 Ne6 27. Be4 Rf6 28. Kg2 Nc5 29. Bc2 Rbf8 30. Rd2 Kg7 31. b4 Ne6 32. a4 h6 33. Re4 Rf3 34. Rg4+ Kh8 35.
Rg6 R3f6 36. Rxf6 Rxf6 37. Bb3 Ng7 38. b5 axb5 39. axb5 Nf5 40. Ra2 e4 41. Re2 e3 42.
f3 Rg6 43. g4 Ng7 44. Rxe3 h5 45. Bc2 Rf6 46. g5 Rf4 47. Re4 1-0

[Event "*** Titled Tuesday Blitz"]
[Site "Chess.com"]
[Date "2021.02.02"]
[Round "8"]
[White "zacachess"]
[Black "MatyChess1"]
[Result "0-1"]
[WhiteElo "2432"]
[BlackElo "2588"]
[TimeControl "180+1"]
[EndTime "11:29:57 PST"]
[Termination "MatyChess1 won on time"]

1. e4 c5 2. Nf3 d6 3. d4 cxd4 4.
Nxd4 Nf6 5. Nc3 a6 6. Bg5 e6 7. Qe2 h6 8. Bh4 Be7 9. f4 Nxe4 10. Bxe7 Nxc3 11. Qc4 Kxe7 12. Qxc3 Re8 13. O-O-O Kf8 14.
Bc4 d5 15. Be2 Bd7 16. g4 Nc6 17. h4 Nxd4 18. Qxd4 Qf6 19. Qd2 Bc6 20. g5 Qe7 21. Rhg1 h5 22. Bxh5 Kg8 23. g6 f5 24. Rde1 Rac8 25.
Bd1 Qf6 26. Qe2 d4 27. Rg3 Be4 28. Kb1 Rc6 29. Qh5 Rec8 30. Qh7+ Kf8 31. Rxe4 fxe4 32. h5 d3 33. c3 Rxc3 0-1

[Event "*** Titled Tuesday Blitz"]
[Site "Chess.com"]
[Date "2021.02.02"]
[Round "8"]
[White "VALPARAISO37"]
[Black "MarcoRiehle"]
[Result "0-1"]
[WhiteElo "2478"]
[BlackElo "2708"]
[TimeControl "180+1"]
[EndTime "11:29:58 PST"]
[Termination "MarcoRiehle won on time"]

1. d4 d5 2. c4 e6 3. Nc3 c5 4. cxd5 cxd4 5. Qa4+ Bd7 6. Qxd4 exd5 7. Nf3 Nc6 8. Qxd5 Nf6 9. Qd1 Bc5 10. a3 Qe7 11.
Bg5 O-O-O 12. Qc2 Kb8 13. Nd5 Nxd5 14. Bxe7 Bxe7 15. e3 g5 16. Rd1 Be6 17. Bc4 g4 18. Nd4 Nxd4 19. Rxd4 Bf6 20. O-O Bxd4 21. exd4 Rc8 22.
Qe2 Rhd8 23. Qe5+ Ka8 24. Bd3 a6 25. Be4 Ka7 26. g3 Nb6 27. Bxh7 Nc4 28. Qf6 Nd2 29. b4 Bd5 30. f4 gxf3 31. Bd3 Nxf1 32. Kxf1 Re8 33.
Qf4 Rc3 34. Qd2 Rec8 35. Kf2 Rxa3 36. b5 Ra2 37. Qxa2 Bxa2 38. bxa6 bxa6 39. Kxf3 Bd5+ 40. Kf4 a5 41. h4 a4 42. Bb1 a3 43. g4 a2 44. Bxa2 Bxa2 45. Ke5 Rg8 46. g5 Rh8 47. g6 fxg6 48. Kf6 Rxh4 49. d5 Rd4 50. d6 Rxd6+ 51. Ke7 Re6+ 52. Kf7 g5 0-1

[Event "*** Titled Tuesday Blitz"]
[Site "Chess.com"]
[Date "2021.02.02"]
[Round "8"]
[White "IljaJoke"]
[Black "chess4ever007"]
[Result "0-1"]
[WhiteElo "2490"]
[BlackElo "2388"]
[TimeControl "180+1"]
[EndTime "11:29:58 PST"]
[Termination "chess4ever007 won on time"]

1. d4 Nf6 2. c4 g6 3. Nc3 Bg7 4. e4 d6 5. Be2 O-O 6. Be3 c6 7. g4 c5 8. g5 Nfd7 9. d5 b5 10. Nxb5 Bxb2 11. Rb1 Bg7 12. Bd2 Na6 13. h4 Rb8 14. h5 Nc7 15. Nxa7 Rxb1 16. Qxb1 e6 17. Nc6 Qe8 18. Kf1 exd5 19. exd5 Ne5 20. Nxe5 Qxe5 21. Nf3 Qf5 22. Qb3 Re8 23. h6 Bh8 24. Rh4 Ba6 25.
Rf4 Qh3+ 26. Ke1 Nxd5 27. Rh4 Qe6 28. Ng1 Ne7 29. Be3 Nf5 30. Rh3 Nd4 31. Bxd4 Bxd4 32. Kf1 d5 33. Qa4 Bxc4 34. Bxc4 dxc4 35. Rf3 c3 36. Qa6 Qxa6+ 0-1

[Event "*** Titled Tuesday Blitz"]
[Site "Chess.com"]
[Date "2021.02.02"]
[Round "8"]
[White "GMJustin"]
[Black "verdest"]
[Result "0-1"]
[WhiteElo "2303"]
[BlackElo "2477"]
[TimeControl "180+1"]
[EndTime "11:29:58 PST"]
[Termination "verdest won on time"]

1. d4 Nf6 2. c4 e6 3. Nf3 d5 4. Nc3 Bb4 5. Qc2 c5 6. cxd5 exd5 7. dxc5 d4 8. a3 Bxc5 9. Na4 Be7 10. Nxd4 O-O 11. e3 Qd5 12. Nc3 Qg5 13. e4 Qg6 14. f3 Nc6 15. Nxc6 bxc6 16. Bd3 Nd7 17. O-O Ne5 18.
Bf4 Nxd3 19. Qxd3 Rd8 20. Qe2 Be6 21. Rfd1 h5 22. Be3 h4 23. Rxd8+ Rxd8 24. Bxa7 h3 25. g3 c5 26. Qf2 Qh5 27. Rd1 Rxd1+ 28. Nxd1 Qe5 29. Nc3 Bc4 30. a4 Qc7 31. b3 Ba6 32.
Nd5 Qxa7 33. Nxe7+ Qxe7 34. Qe3 c4 0-1

[Event "*** Titled Tuesday Blitz"]
[Site "Chess.com"]
[Date "2021.02.02"]
[Round "8"]
[White "Azerichess"]
[Black "TimofeevAr"]
[Result "1/2-1/2"]
[WhiteElo "3001"]
[BlackElo "2875"]
[TimeControl "180+1"]
[EndTime "11:29:59 PST"]
[Termination "Game drawn by repetition"]

1. d4 d5 2. c4 dxc4 3. Nf3 Nf6 4. e3 e6 5. Bxc4 c5 6. O-O a6 7. b3 cxd4 8. Nxd4 Bd6 9. Bb2 O-O 10. Nd2 Qe7 11.
Rc1 e5 12. N4f3 Bg4 13. h3 Bh5 14. g4 Bg6 15. Nh4 Nc6 16. Qf3 Ba3 17. Bxa3 Qxa3 18. Nxg6 hxg6 19. g5 Nd7 20. Ne4 Nb6 21. h4 Qe7 22. h5 Nxc4 23. Rxc4 Rad8 24. Kh2 Qe6 25. Nc5 Qe7 26. Nxb7 Qxb7 27. Qxc6 Qe7 28. hxg6 Qxg5 29. gxf7+ Rxf7 30. Qg2 Qh5+ 31. Qh3 Qe2 32. Kg1 Qxa2 33. Rh4 Kf8 34. Rh8+ Ke7 35. Rxd8 Kxd8 36. Rd1+ Kc7 37. Rc1+ Kd6 38. Rd1+ Kc7 39. Rc1+ Kd6 40. Qg3 Qxb3 41. Qg6+ Rf6 42. Qxg7 Qf7 43. Qxf7 Rxf7 44. Ra1 Ra7 45. Ra5 e4 46. Kg2 Kc6 47. Kg3 Kb6 48. Re5 a5 49. Rxe4 a4 50. Rb4+ Kc5 51. Rb1 a3 52. f4 a2 53. Ra1 Kd5 54. Kg4 Ke4 55. f5 Kxe3 56.
f6 Kd3 57. f7 Rxf7 58. Rxa2 Rg7+ 59. Kf5 Rf7+ 60. Kg4 Rg7+ 61. Kf5 Rf7+ 62. Kg4 1/2-1/2

[Event "*** Titled Tuesday Blitz"]
[Site "Chess.com"]
[Date "2021.02.02"]
[Round "8"]
[White "sergiochess83"]
[Black "Spalir"]
[Result "1-0"]
[WhiteElo "2861"]
[BlackElo "2654"]
[TimeControl "180+1"]
[EndTime "11:30:01 PST"]
[Termination "sergiochess83 won by resignation"]

1. e4 c5 2. Nf3 d6 3. d4 cxd4 4. Nxd4 Nf6 5. Nc3 a6 6. a4 e5 7. Nf3 Nc6 8. Bg5 Be7 9. Bxf6 Bxf6 10. Nd5 Be6 11. Bc4 O-O 12. O-O Rc8 13. c3 Bg5 14. Qe2 Bg4 15. h3 Bh5 16. b4 Kh8 17. g4 Bg6 18. a5 Bf4 19. Rad1 Ne7 20. Nb6 Rc6 21.
Nh4 h5 22. Kg2 Bh7 23. Rh1 Nc8 24. Nf5 Nxb6 25. axb6 Qxb6 26. Ne7 Rc7 27. Nd5 Qc6 28. Nxc7 Qxc7 29. Bd5 Qxc3 30. Bxb7 Qxb4 31. Bd5 h4 32. Rb1 Qc5 33. Qxa6 Bg6 34. Qc6 Qd4 35. Rhe1 Bd2 36. Re2 Bb4 37. Qc4 Qxc4 38. Bxc4 Bc5 39. Bd5 f6 40.
Reb2 Bf7 41. Rb8 Kg8 42. Rxf8+ Kxf8 43. Rb8+ Be8 44. Bc6 1-0

[Event "*** Titled Tuesday Blitz"]
[Site "Chess.com"]
[Date "2021.02.02"]
[Round "8"]
[White "azikom"]
[Black "Shepherdboy"]
[Result "1/2-1/2"]
[WhiteElo "2660"]
[BlackElo "2440"]
[TimeControl "180+1"]
[EndTime "11:30:02 PST"]
[Termination "Game drawn by repetition"]

1. d4 Nf6 2. Nf3 d5 3. Bf4 c5 4. e3 Nc6 5. c3 e6 6. Nbd2 Bd6 7. Bg3 O-O 8. Bd3 b6 9. Qe2 Bb7 10. Rd1 Rc8 11. a3 h6 12. O-O Bxg3 13.
hxg3 Qc7 14. Bb5 Rfd8 15. Rfe1 g6 16. Ba4 Kg7 17. Nf1 Ne4 18. N3d2 Nf6 19. f4 Ne7 20. Qf3 h5 21. Nh2 Nf5 22. g4 hxg4 23. Nxg4 Nxg4 24. Qxg4 cxd4 25. exd4 Rh8 26. Nf3 Rh5 27. Bc2 Rch8 28.
Kf2 Ba6 29. Bxf5 Rxf5 30. Ke3 Rfh5 31. Ne5 Qe7 32. Qg3 Qf6 33. Rd2 Bc4 34. Rf2 Qf5 35. Kd2 Rh1 36. Qg5 Rxe1 37. Qxf5 gxf5 38. Kxe1 Rh1+ 39. Kd2 Rb1 40. Kc2 Rg1 41. Nxc4 dxc4 42. b3 cxb3+ 43. Kxb3 Kf6 44. c4 Rb1+ 45. Kc3 Rc1+ 46.
Kb4 Rd1 47. Kc3 Rc1+ 48. Kb4 Rd1 49. Kc3 Rc1+ 1/2-1/2

[Event "*** Titled Tuesday Blitz"]
[Site "Chess.com"]
[Date "2021.02.02"]
[Round "8"]
[White "muchojogo"]
[Black "VladimirPotkin"]
[Result "1-0"]
[WhiteElo "2485"]
[BlackElo "2615"]
[TimeControl "180+1"]
[EndTime "11:30:02 PST"]
[Termination "muchojogo won on time"]

1. e4 c5 2. Nf3 e6 3. d4 cxd4 4. Nxd4 Nc6 5. Nc3 Qc7 6. Be3 a6 7. Qd2 Nf6 8. O-O-O Be7 9. f3 b5 10. Nxc6 dxc6 11. g4 e5 12. h4 Be6 13. Qf2 Nd7 14. Nd5 cxd5 15. exd5 Bxd5 16. Rxd5 Rc8 17. Kb1 Nf6 18. Rd1 Bc5 19. Bd3 O-O 20. g5 Bxe3 21. Qxe3 Nh5 22. Qe4 g6 23. Rhe1 Rfe8 24. Qe3 Nf4 25.
Be4 Ng2 26. Qf2 Nxe1 27. Rxe1 Red8 28. h5 Qc5 29. Qh2 Qb4 30. Rc1 Qd2 31. Qxe5 Qe2 32. h6 Kf8 33. a3 Rd1 34. Rxd1 Qxd1+ 35. Ka2 Qd7 36. Qg7+ Ke7 37. Qxh7 Qe6+ 38. b3 Rd8 39. Qg7 Qc8 40. Qf6+ Kd7 41. h7 1-0

[Event "*** Titled Tuesday Blitz"]
[Site "Chess.com"]
[Date "2021.02.02"]
[Round "8"]
[White "GM_LOADING"]
[Black "Nikolakis2014"]
[Result "0-1"]
[WhiteElo "2463"]
[BlackElo "2638"]
[TimeControl "180+1"]
[EndTime "11:30:02 PST"]
[Termination "Nikolakis2014 won on time"]

1. d4 Nf6 2. Nf3 e6 3. Bg5 d5 4. Nbd2 Nbd7 5. e3 c5 6. c3 Bd6 7.
Bd3 Qc7 8. O-O c4 9. Bc2 h6 10. Bxf6 Nxf6 11. e4 dxe4 12. Nxe4 Nxe4 13. Bxe4 O-O 14.
Re1 Bd7 15. Qe2 Rac8 16. Rad1 b5 17. Bb1 Rfe8 18. Ne5 Bc6 19. Qc2 g6 20. Re3 Rcd8 21. Rde1 Bxe5 22. Rxe5 Rd5 23. Qd2 Kg7 24. a3 Rxe5 25.
Rxe5 Qd6 26. Qe3 Re7 27. h4 h5 28. Qg3 a5 29. Qg5 Be8 30. Qe3 f6 31. Rc5 e5 32.
Qg3 Qe6 33. dxe5 fxe5 34. Be4 Qd6 35. Rc6 Bxc6 0-1

[Event "*** Titled Tuesday Blitz"]
[Site "Chess.com"]
[Date "2021.02.02"]
[Round "8"]
[White "Legendinunknown"]
[Black "Sippp"]
[Result "0-1"]
[WhiteElo "2585"]
[BlackElo "2773"]
[TimeControl "180+1"]
[EndTime "11:30:03 PST"]
[Termination "Sippp won by resignation"]

1. d4 d6 2. c4 e5 3. Nf3 e4 4. Ng5 f5 5. Nc3 Be7 6. Nh3 c6 7. Nf4 Nf6 8. g3 O-O 9. h4 Na6 10. Bg2 Nc7 11. b3 Ne6 12. Nxe6 Bxe6 13. Bf4 d5 14.
cxd5 Bb4 15. Bd2 Bxc3 16. Bxc3 Nxd5 17. Bd2 f4 18. gxf4 Nxf4 19. Bxf4 Rxf4 20. Qd2 Rxh4 21. O-O-O Bd5 22. Qe3 Qe7 23. f3 Re8 24. f4 Rxh1 25.
Rxh1 a5 26. f5 Qa3+ 27. Kb1 a4 28. Rh3 axb3 29. axb3 Ra8 30. Qc3 Qa2+ 31. Kc1 Qxe2 32. Rg3 Ra2 33. f6 g6 34. f7+ Kxf7 35. Bh3 Qf2 36.
Kb1 Re2 37. Be6+ Kxe6 0-1

[Event "*** Titled Tuesday Blitz"]
[Site "Chess.com"]
[Date "2021.02.02"]
[Round "8"]
[White "shaheus"]
[Black "Zq1"]
[Result "1/2-1/2"]
[WhiteElo "2408"]
[BlackElo "2513"]
[TimeControl "180+1"]
[EndTime "11:30:03 PST"]
[Termination "Game drawn by repetition"]

1. e4 c5 2. Nf3 d6 3. c3 Nf6 4. Qb3 e6 5. d3 Be7 6. g3 O-O 7. Bg2 Nc6 8. O-O b6 9. Re1 Bb7 10. a4 a6 11. Nbd2 Qc7 12. Nc4 Nd7 13. Bf4 Rab8 14. h4 h6 15. Qd1 b5 16. axb5 axb5 17. Ncd2 b4 18. Nc4 bxc3 19. bxc3 Nde5 20. Nfxe5 Nxe5 21. Nxe5 dxe5 22. Be3 Rfd8 23. Qc2 c4 24. d4 Ra8 25. Rxa8 Rxa8 26. dxe5 Qxe5 27. Bd4 Qc7 28. Qe2 e5 29. Be3 Bc8 30. f4 exf4 31. Bxf4 Qa7+ 32.
Kh2 Be6 33. Be5 Qa2 34. Bd4 Qxe2 35. Rxe2 Ra1 36. Rb2 Re1 37. Bf2 Rc1 38. Bd4 h5 39. Rf2 g5 40. hxg5 Bxg5 41. Bf1 Kh7 42. Bh3 Kg6 43.
Bxe6 fxe6 44. Kg2 Re1 45. Rf8 Rd1 46. Rg8+ Kh6 47. Rh8+ Kg6 48. Rg8+ Kh6 49. Rh8+ Kg6 50.
Rg8+ 1/2-1/2

[Event "*** Titled Tuesday Blitz"]
[Site "Chess.com"]
[Date "2021.02.02"]
[Round "8"]
[White "JoachimMouhamad"]
[Black "SharapovEvgeny"]
[Result "0-1"]
[WhiteElo "2303"]
[BlackElo "2459"]
[TimeControl "180+1"]
[EndTime "11:30:03 PST"]
[Termination "SharapovEvgeny won by resignation"]

1. e4 c5 2. Nf3 d6 3. d4 cxd4 4. Nxd4 Nf6 5. Nc3 Nc6 6. Bg5 Qb6 7. Bxf6 gxf6 8. Nb3 f5 9. Bd3 fxe4 10. Bxe4 Bg7 11. Qd2 O-O 12. O-O Ne5 13. Nd5 Qd8 14. c3 e6 15. Nf4 d5 16. Bc2 Qg5 17. Kh1 Nc4 18. Qc1 Nxb2 19. Qxb2 Qxf4 20. Nd4 e5 21. Ne2 Qf6 22.
Rad1 Be6 23. Qxb7 Rab8 24. Qxa7 Ra8 25. Qe3 Rxa2 26. Bb1 Rb2 27. Ng3 Bh6 28. Qc5 Rc8 29. Qd6 Bf8 30. Qa6 Rxc3 31. Qa1 Rcb3 32. Ba2 Rb5 33. Rb1 Rxb1 34. Bxb1 d4 35. Qa4 Rb4 36. Qc2 Qh6 37. Nf5 Bxf5 38. Qxf5 Qg6 39. Be4 Qxf5 40.
Bxf5 Kg7 41. f3 h5 42. Rd1 Kf6 43. Kg1 Kxf5 0-1

[Event "*** Titled Tuesday Blitz"]
[Site "Chess.com"]
[Date "2021.02.02"]
[Round "8"]
[White "tteshan"]
[Black "LamaChampetre"]
[Result "1/2-1/2"]
[WhiteElo "2323"]
[BlackElo "2224"]
[TimeControl "180+1"]
[EndTime "11:30:03 PST"]
[Termination "Game drawn by stalemate"]

1. e4 c5 2. Nf3 g6 3. d4 cxd4 4. Nxd4 Nc6 5. Be3 Bg7 6. c4 Nf6 7. f3 Nxd4 8. Bxd4 d6 9. Nc3 O-O 10. Be2 Be6 11. Rc1 Qa5 12. Qd2 Rfc8 13. b3 a6 14. O-O b5 15. cxb5 axb5 16. Rfd1 Nd7 17.
Bxg7 Kxg7 18. Qd4+ Nf6 19. Nxb5 Rxc1 20. Rxc1 Qxa2 21. Nc7 Rb8 22. Nxe6+ fxe6 23. Bc4 Rc8 24. Rd1 d5 25. exd5 exd5 26. Bxd5 Rd8 27. Qe5 Qa7+ 28. Kf1 Qa6+ 29. Kf2 Qb6+ 30. Kg3 Qd6 31. Kf4 e6 32. Qxd6 Rxd6 33. Ke5 Rxd5+ 34. Rxd5 exd5 35. b4 Kf7 36. b5 Ke7 37. b6 Nd7+ 38. Kxd5 Nxb6+ 39. Ke5 Nd7+ 40. Kf4 Kf6 41. g4 g5+ 42. Kg3 Nc5 43. f4 Ne6 44.
fxg5+ Kxg5 45. h4+ Kf6 46. Kf3 Ke5 47. Ke3 Nd4 48.
h5 Ne6 49. Kf3 Ng5+ 50. Kg3 Ke4 51. Kh4 Kf4 52. h6 Nf3+ 53. Kh5 Ne5 54. g5 Kf5 55. g6 Nxg6 1/2-1/2

[Event "*** Titled Tuesday Blitz"]
[Site "Chess.com"]
[Date "2021.02.02"]
[Round "8"]
[White "vugarrasulov"]
[Black "Beca95"]
[Result "0-1"]
[WhiteElo "2752"]
[BlackElo "2899"]
[TimeControl "180+1"]
[EndTime "11:30:04 PST"]
[Termination "Beca95 won on time"]

1. e4 e5 2. Nf3 Nc6 3. Nc3 Nf6 4.
Be2 Bb4 5. Nd5 Bc5 6. d3 h6 7. O-O d6 8. c3 Nxd5 9. exd5 Ne7 10. d4 exd4 11. Nxd4 O-O 12. Bf3 Nf5 13. Nb3 Bb6 14. g3 a5 15. a4 Bd7 16. Nd2 Re8 17. Bg2 Qf6 18. Ne4 Qg6 19. Re1 Re7 20. Bf4 Rae8 21. Qd2 Nh4 22. gxh4 Rxe4 23. Rxe4 Rxe4 24. Bg3 Re7 25.
b4 Qf6 26. Rb1 Qf5 27. Ra1 Qg4 28. bxa5 Bxa5 29. Qd3 Qe2 30. Qd4 Qb2 31. Rf1 Bxc3 32. Qa7 Re8 33. Rd1 Qb3 34. Rc1 Qb4 35. Rxc3 Qxc3 36. h3 b6 37. Kh2 Bf5 38. Bf1 Bd3 39. Bxd3 Qxd3 40. Qxc7 Qf3 41. Qc1 f5 42. a5 bxa5 0-1

[Event "*** Titled Tuesday Blitz"]
[Site "Chess.com"]
[Date "2021.02.02"]
[Round "8"]
[White "Sokoloco"]
[Black "queen_iryna"]
[Result "1-0"]
[WhiteElo "2478"]
[BlackElo "2322"]
[TimeControl "180+1"]
[EndTime "11:30:06 PST"]
[Termination "Sokoloco won on time"]

1. b3 e5 2. Bb2 Nc6 3. e3 Nf6 4. Bb5 Bd6 5. Na3 a6 6. Bxc6 dxc6 7. Nc4 Qe7 8. Ne2 O-O 9. O-O Bd7 10. f4 e4 11. h3 b5 12. Ne5 Nd5 13. Nxd7 Qxd7 14. f5 f6 15. Nd4 Be5 16. Rb1 Bxd4 17. Bxd4 Ne7 18. Qg4 Kh8 19. Qxe4 Rae8 20. Qf3 c5 21.
Bxc5 Qxd2 22. Rf2 Qc3 23. Bd4 Qc6 24. Qxc6 Nxc6 25. Rd2 Nxd4 26. exd4 Re4 27. c4 b4 28.
d5 h5 29. c5 Rd8 30. d6 cxd6 31. cxd6 Kh7 32. d7 Re7 33. Rbd1 Kh6 34. h4 g5 35. fxg6 Kxg6 36. Rd5 Re4 37. g3 Re5 38. Kf2 Kf5 39. Rd6 Re7 40. Kf3 a5 41. R1d5+ Re5 42. Rd4 Kg6 43. Rf4 1-0

[Event "*** Titled Tuesday Blitz"]
[Site "Chess.com"]
[Date "2021.02.02"]
[Round "8"]
[White "ApacheSVD"]
[Black "IDontWannaRecognized"]
[Result "0-1"]
[WhiteElo "2409"]
[BlackElo "2297"]
[TimeControl "180+1"]
[EndTime "11:30:06 PST"]
[Termination "IDontWannaRecognized won by checkmate"]

1. e4 c6 2. Nc3 d5 3. Nf3 Bg4 4. h3 Bxf3 5. Qxf3 e6 6. d3 Nd7 7. Bd2 Ngf6 8. g4 Bb4 9. Bg2 Qb6 10. g5 Ng8 11. Qe2 Ne7 12. O-O d4 13. Nd1 Bxd2 14.
Qxd2 e5 15. h4 Ng6 16. h5 Nf4 17. c3 c5 18. f3 Qd8 19. Nf2 Qxg5 20. Ng4 Nh3+ 21.
Bxh3 Qxd2 22. Rfd1 Qg5 23. Rab1 Nf6 24. Kf2 Nxh5 25.
cxd4 cxd4 26. Rbc1 Nf4 27. Bf1 O-O 28. Rc7 Rac8 29.
Rdc1 Rxc7 30. Rxc7 h5 31. Nh2 Qf6 32. Rxb7 Qa6 33. Rb3 Qxa2 34. Rb7 Rc8 35. Be2 Rc2 36. Kg3 Rxe2 37. Ng4 hxg4 38. Kxg4 Rxb2 39. Rc7 Rg2+ 40. Kf5 Kh7 41. Re7 Qe6+ 42. Rxe6 fxe6+ 43. Kxe5 Nxd3+ 44. Kxd4 Ne1 45. f4 Nf3+ 46. Ke3 Nh4 47. e5 a5 48.
Ke4 Nf5 49. Kf3 Rg3+ 50. Ke2 Re3+ 51. Kd2 Kg6 52. Kc1 Kh5 53. Kb1 Kg4 54. Ka1 Kxf4 55.
Kb1 Kxe5 56. Ka1 g5 57. Kb1 Re2 58. Kc1 Ke4 59. Kd1 Ke3 60. Kc1 g4 61. Kd1 g3 62.
Kc1 g2 63. Kb1 g1=Q# 0-1

[Event "*** Titled Tuesday Blitz"]
[Site "Chess.com"]
[Date "2021.02.02"]
[Round "8"]
[White "CoachHakia"]
[Black "Taktikmonster"]
[Result "0-1"]
[WhiteElo "2150"]
[BlackElo "2294"]
[TimeControl "180+1"]
[EndTime "11:30:06 PST"]
[Termination "Taktikmonster won by resignation"]

1. d4 Nf6 2. Bg5 Ne4 3. h4 c5 4.
dxc5 Nxc5 5. Nd2 d5 6. e3 Nc6 7. Ngf3 f6 8. Bf4 e5 9. Bg3 Be7 10.
Bb5 O-O 11. O-O Qb6 12. Bxc6 bxc6 13. b3 Bg4 14. c4 e4 15. cxd5 cxd5 16. Rc1 exf3 17.
Nxf3 Rfd8 18. Qd4 Bxf3 19. gxf3 Rac8 20. Rfd1 Ne6 21. Qg4 Rxc1 22. Rxc1 d4 23. exd4 Rxd4 24. Rc8+ Rd8 25. Rxd8+ Bxd8 26. h5 Qc6 27. h6 Ng5 28. hxg7 Nxf3+ 29. Kf1 Ng5 30. Qd4 Qh1+ 31. Ke2 Qe4+ 32.
Qxe4 Nxe4 33. Bb8 Bb6 34. f3 Nc3+ 35. Kd3 Nxa2 36. Ke4 Kxg7 37. Kf5 Nc1 38. b4 Na2 39. b5 Nc3 40. Bd6 Nxb5 41. Be7 Bd4 42. Ke6 a5 43. Kd5 a4 44. Kc4 a3 45. Bxa3 Nxa3+ 46. Kxd4 Kg6 0-1

[Event "*** Titled Tuesday Blitz"]
[Site "Chess.com"]
[Date "2021.02.02"]
[Round "8"]
[White "hermionegrangermagic"]
[Black "Walter_White_Poland"]
[Result "0-1"]
[WhiteElo "2627"]
[BlackElo "2344"]
[TimeControl "180+1"]
[EndTime "11:30:07 PST"]
[Termination "Walter_White_Poland won by resignation"]

1. e4 e5 2. Nf3 Nc6 3. d4 exd4 4. Bc4 Nf6 5. e5 Ne4 6. O-O Be7 7. c3 dxc3 8. Qd5 O-O 9. Qxe4 cxb2 10. Bxb2 d6 11.
Rd1 Qe8 12. Nc3 dxe5 13. Nxe5 Nxe5 14. Qxe5 Bf6 15. Qg3 Bf5 16. Bd3 Bxd3 17. Qxd3 Rd8 18. Qc2 Qc6 19. Rac1 Rfe8 20. h3 a6 21. Rxd8 Rxd8 22.
Ne4 Bxb2 23. Qxc6 bxc6 24. Rxc6 f5 25. Nc5 Be5 26. g3 Rd1+ 27. Kg2 Rc1 28. Rxa6 Rxc5 29. a4 Bc3 30. Re6 h5 31. Kf3 Kf7 32. Re3 g6 33.
Rd3 Kf6 34. g4 hxg4+ 35. hxg4 fxg4+ 36. Kxg4 Be5 37. Kf3 Rc4 38. Ra3 Bd6 39. Ra2 Rc3+ 40.
Ke4 Ra3 41. Rc2 Rxa4+ 42. Kd5 Rf4 43. Re2 Kf5 44. Kc6 g5 45. Kd7 Re4 46. Rb2 Kf4 47.
Kc6 Kf3 48. Rb5 g4 49. Rf5+ Rf4 50. Rg5 Kxf2 0-1

[Event "*** Titled Tuesday Blitz"]
[Site "Chess.com"]
[Date "2021.02.02"]
[Round "8"]
[White "korbul"]
[Black "TigrVShlyape"]
[Result "1/2-1/2"]
[WhiteElo "2619"]
[BlackElo "2830"]
[TimeControl "180+1"]
[EndTime "11:30:08 PST"]
[Termination "Game drawn by repetition"]

1. d4 Nf6 2. c4 g6 3. Nc3 Bg7 4. e4 d6 5. f3 c6 6. Bg5 a6 7.
Qd2 h6 8. Be3 b5 9. Bd3 Nbd7 10.
Nge2 bxc4 11. Bxc4 d5 12. Bb3 Nb6 13. h3 h5 14. O-O a5 15. e5 Ng8 16. a4 e6 17. Bg5 Qd7 18. Rac1 Ba6 19. Nd1 Bxe2 20. Qxe2 Bh6 21. Bxh6 Nxh6 22. g4 Ng8 23. Kg2 Ne7 24. Nf2 Qb7 25. Nd3 Nd7 26. Rc3 Qb6 27. Qe3 Rb8 28.
Rf2 Kf8 29. f4 hxg4 30. hxg4 Ke8 31. Bc2 Kd8 32. b3 Qa7 33. Nc5 Nxc5 34. Rxc5 Rb4 35. f5 gxf5 36. gxf5 exf5 37. Bxf5 Rh4 38. Bh3 Rbxd4 39.
Rc3 Qb6 40. Qg5 Qb4 41. Rg3 Rh8 42. Rxf7 Qd2+ 43. Qxd2 Rxd2+ 44. Kg1 Rd1+ 45. Kg2 Rd2+ 46. Kg1 Rd1+ 47. Kg2 Rd2+ 1/2-1/2

[Event "*** Titled Tuesday Blitz"]
[Site "Chess.com"]
[Date "2021.02.02"]
[Round "8"]
[White "Berardino"]
[Black "Arvids_Andrejevs"]
[Result "1-0"]
[WhiteElo "2571"]
[BlackElo "2401"]
[TimeControl "180+1"]
[EndTime "11:30:08 PST"]
[Termination "Berardino won on time"]

1. e4 e5 2. Nf3 Nc6 3. Bc4 Nf6 4. d3 Be7 5. Nbd2 O-O 6. O-O h6 7. h3 d6 8. c3 Kh8 9. Re1 Nh7 10. d4 f5 11. dxe5 dxe5 12. exf5 Bxf5 13. Qe2 Bd6 14. Ne4 Qe7 15. Bd2 Rae8 16. Rad1 Nf6 17. Ng3 Bh7 18. Nh4 Ne4 19. Nxe4 Qxh4 20. Bd3 Re7 21. f3 Ref7 22.
Be3 Qe7 23. Bc2 Nd8 24. Bb3 Ne6 25. Kh1 Rf5 26. Ng3 R5f6 27. Qb5 b6 28. Qc4 Nf4 29.
Bxf4 Rxf4 30. Qc6 Qg5 31. Ne4 Bxe4 32. Rxe4 Qg3 33. Re2 Rxf3 34. gxf3 Rxf3 35. Rg1 Qxh3+ 36. Rh2 Qf5 37. Bc2 Qf4 38. Qe4 1-0